Map: Thunderbird LE

Players

POUTINOSS - Winner!

  • Race: Protoss Protoss
  • Spawn Location: 5:00

Woah

  • Race: Terran Terran
  • League: Diamond
  • Spawn Location: 11:00

VOD

Have the link to the VOD?

Description

Time

  • Played on: June 14, 2019, 10:51 p.m.
  • Length: 8:46
Show
View Real Time Build Order
Export as new Build Order

POUTINOSS Protoss - Winner!

Build Orders: Dark Templar Rush 

Get SALT Encoding   

  12  0:01  Probe  
  13  0:13  Probe  
  14  0:21  Pylon  
  14  0:24  Probe  
  15  0:35  Probe  
  16  0:45  Gateway  
  16  0:53  Assimilator  
  16  0:54  Probe  
  17  0:58  Assimilator  
  17  1:02  Probe  
  17  1:10  Probe  
  18  1:12  Gateway  
  19  1:32  Cybernetics Core  
  19  1:36  Pylon  
  19  1:39  Probe  
  20  1:51  Probe  
  21  2:03  Probe  
  21  2:09  Stalker  
  21  2:12  Probe  
  24  2:18  Stalker  
  26  2:29  Nexus  
  26  2:32  Warp Gate  
  26  2:36  Pylon  
  26  2:52  Twilight Council  
  26  3:07  Probe  
  26  3:09  Robotics Facility  
  27  3:19  Probe  
  28  3:32  Probe  
  28  3:33  Dark Shrine  
  29  3:39  Probe  
  29  3:43  Probe  
  29  3:47  Probe  
  31  3:51  Probe  
  31  3:54  Warp Prism  
  33  3:56  Probe  
  33  3:59  Probe  
  36  4:08  Probe  
  36  4:10  Probe  
  37  4:20  Probe, Gateway  
  37  4:21  Gateway  
  37  4:22  Probe  
  39  4:28  Assimilator  
  39  4:32  Probe  
  39  4:34  Probe  
  41  4:47  Shield Battery  
  41  4:48  Shield Battery  
  41  5:01  Dark Templar x2  
  41  5:04  Observer  
  46  5:27  Dark Templar x2  
  46  5:53  Pylon  
  46  5:54  Immortal  
  46  5:55  Charge  
  50  5:57  Probe x2, Pylon  
  48  6:07  Zealot x3  
  54  6:11  Probe x2  
  56  6:23  Probe x2  
  58  6:29  Immortal  
  56  6:35  Probe x2  
  56  6:36  Assimilator  
  58  6:45  Probe  
  58  6:47  Probe  
  58  6:52  Gateway  
  58  6:53  Probe  
  60  6:54  Gateway  
  60  6:56  Gateway  
  60  6:59  Probe  
  62  7:01  Dark Templar x3  
  62  7:02  Dark Templar, Probe  
  70  7:41  Pylon x2  
  70  7:43  Pylon  
  70  7:46  Pylon  
  70  7:48  Probe  
  70  7:50  Pylon, Shield Battery  
  69  7:53  Shield Battery  
  69  7:54  Shield Battery  
  69  8:01  Immortal  
  73  8:08  Pylon  
  62  8:23  Stalker x5  
  70  8:35  Dark Templar  
Show
View Real Time Build Order
Export as new Build Order

Woah Terran 

Build Orders: Reaper Expand 

Get SALT Encoding   

  12  0:01  SCV  
  13  0:13  SCV  
  14  0:17  Supply Depot  
  14  0:25  SCV  
  15  0:38  SCV  
  15  0:39  Barracks  
  16  0:47  Refinery  
  16  0:50  SCV  
  17  1:03  SCV  
  18  1:15  SCV  
  19  1:28  Orbital Command  
  19  1:29  Reaper  
  20  1:47  Command Center  
  20  2:03  SCV  
  21  2:10  Supply Depot  
  21  2:12  Barracks Reactor  
  21  2:15  SCV  
  21  2:17  Refinery  
  22  2:23  Factory  
  22  2:28  SCV  
  23  2:35  Bunker  
  23  2:47  SCV  
  23  2:48  Marine  
  23  2:49  Marine  
  26  3:00  Orbital Command  
  26  3:07  Widow Mine  
  26  3:08  Marine x2  
  26  3:09  Starport  
  26  3:10  Orbital Command  
  30  3:13  SCV  
  31  3:20  Orbital Command  
  31  3:26  Marine  
  32  3:29  Widow Mine  
  34  3:52  Factory Tech Lab  
  34  3:53  Medivac, Marine x2  
  38  3:56  Barracks  
  38  4:00  SCV  
  39  4:18  SCV x2  
  41  4:32  Raven  
  41  4:36  Supply Depot  
  41  4:37  Engineering Bay  
  43  4:40  Barracks, Refinery  
  43  4:41  Factory Tech Lab  
  43  4:55  SCV, Barracks Tech Lab  
  44  5:02  SCV  
  44  5:05  Supply Depot  
  45  5:12  Siege Tank  
  45  5:14  Barracks  
  47  5:15  Supply Depot  
  47  5:16  Terran Infantry Weapons Level 1  
  30  5:38  Marauder  
  30  5:42  Marine  
  32  5:59  Marauder  
  34  6:05  SCV  
  35  6:20  Marauder  
  35  6:25  Marine  
  37  6:31  SCV  
  36  6:36  SCV  
  37  6:42  Marauder  
  39  6:55  Barracks Tech Lab  
  39  6:57  SCV x2  
  41  7:24  Marine  
  41  7:25  Marine x2  
  37  7:37  Orbital Command  
  37  7:42  Marine  
  37  7:43  Marauder, Marine  
  34  8:00  Marine  
  34  8:01  Marauder  
  28  8:13  Marine  
  28  8:18  Marine  
  28  8:22  Marine  
Tags
 
League
Diamond
Matchup
PvT
Replay Pack
r1
Spawn Locations
Cross Positions
Add a new tag
Caveats
  • Supply blocks, unpowered buildings, or Contaminate may cause inaccurate times.
  • Supply counts are checked every 10 seconds.